 Dungeon Crawl Stone Soup version 0.25-a0-185-g6cfeca75b2 (webtiles) character file.

Game seed: 10157224355488209798, levelgen mode: deterministic

546 Roikka the Grave Robber (level 7, -1/36 HPs)
             Began as a Deep Elf Necromancer on Nov 28, 2019.
             Slain by an orc warrior
             ... wielding a +0 dire flail
              (8 damage)
             ... on level 5 of the Dungeon.
             The game lasted 00:18:31 (5525 turns).

Roikka the Grave Robber (Deep Elf Necromancer)      Turns: 5525, Time: 00:18:32

Health: -1/36      AC:  5    Str:  6    XL:     7   Next: 6%
Magic:  2/17       EV: 14    Int: 21    God:
Gold:   193        SH:  3    Dex: 15    Spells: 8/17 levels left

rFire    . . .     SeeInvis .   m - +2 short sword (venom)
rCold    + + .     Gourm    .   x - +0 buckler
rNeg     . . .     Faith    .   g - +2 robe {rC+ rF+}
rPois    .         Spirit   .   (no helmet)
rElec    .         Reflect  .   (no cloak)
rCorr    .         Harm     .   (no gloves)
MR       +....                  v - +0 pair of boots
Stlth    ++........             (no amulet)
HPRegen  0.12/turn              b - ring of ice
MPRegen  0.15/turn              y - ring of protection from magic

@: very slightly contaminated
A: no striking features
a: no special abilities


You were on level 5 of the Dungeon.
You were not hungry.

You visited 1 branch of the dungeon, and saw 6 of its levels.

You collected 193 gold pieces.

Inventory:

Hand Weapons
 f - a +2 dagger of protection
 m - a +2 short sword of venom (weapon)
Missiles
 d - 33 poisoned darts (quivered)
Armour
 g - a +2 robe of resistance (worn)
 v - a +0 pair of boots (worn)
 x - a +0 buckler (worn)
Jewellery
 b - a ring of ice (left hand)
 y - a ring of protection from magic (right hand)
Wands
 z - a wand of flame (10)
Scrolls
 e - 2 scrolls of fog {unknown}
 i - 4 scrolls of teleportation
 j - a scroll of enchant armour {unknown}
 l - a scroll of remove curse
 n - 2 scrolls of blinking
 r - a scroll of immolation
 t - a scroll of magic mapping
 u - 2 scrolls of amnesia {unknown}
 A - a scroll of identify
Potions
 a - a potion of cancellation {unknown}
 h - 7 potions of curing {unknown}
 k - a potion of invisibility {unknown}
 o - 2 potions of flight {unknown}
 p - a potion of berserk rage {unknown}
 q - 2 potions of brilliance {unknown}
 s - a potion of ambrosia {unknown}
 w - a potion of mutation {unknown}
Comestibles
 c - 10 rations


   Skills:
 - Level 2.0 Short Blades
 + Level 5.1 Dodging
 - Level 2.4 Stealth
 + Level 5.7 Spellcasting
 + Level 7.4 Necromancy


You had 8 spell levels left.
You knew the following spells:

 Your Spells              Type           Power        Failure   Level  Hunger
a - Pain                  Necr           ####         1%          1    None
b - Animate Skeleton      Necr           N/A          1%          1    None
c - Vampiric Draining     Necr           #####.....   2%          3    ##.....
d - Animate Dead          Necr           N/A          8%          4    ####...

Your spell library contained the following spells:

 Spells                   Type           Power        Failure   Level  Hunger
 Regeneration             Chrm/Necr      ###.......   11%         3    ##.....


Dungeon Overview and Level Annotations

Branches:
Dungeon (6/15)
 Temple: D:4-7

Altars:
Gozag
Wu Jian

Annotations:
D:3 2 transporters, Grinder; anet's ghost, amateur HuHu


Message History

Casting: Vampiric Draining (safe; 2% risk of failure)
Confirm with . or Enter, or press ? or * to list all spells.
Aiming: Vampiric Draining (safe; 2% risk of failure)
Press: ? - help, Shift-Dir - straight line, f/p - orc warrior
Aim: an orc warrior, wielding a +0 dire flail and wearing a +0 chain mail (heavily wounded)
The orc warrior is severely wounded.
You feel life coursing into your body. The orc warrior closely misses you.
Casting: Vampiric Draining (safe; 2% risk of failure)
Confirm with . or Enter, or press ? or * to list all spells.
Aiming: Pain (safe; 1% risk of failure)
Press: ? - help, Shift-Dir - straight line, f/p - orc warrior
Aim: an orc warrior, wielding a +0 dire flail and wearing a +0 chain mail (severely wounded, chance to defeat MR: 84%)
The orc warrior writhes in agony.
The orc warrior closely misses you.
You closely miss the orc warrior.
The orc warrior is severely wounded.
The orc warrior closely misses you.
You hit the orc warrior.
The orc warrior is poisoned.
The orc warrior is almost dead.
The orc warrior hits you with a +0 dire flail!
You die...

##..###.#####
....###.....# .#
......#.....# .#
###.#.......## #.#
.#..###......# ..#
...## #....#.# ..##
#.## #.####.# ..)
..## #.# #.####.#
...# #.# #.##o@.#
...## #.# #.##.###
.#..# #.# #..#.#
.##.###.# ##.#.#
.##...#.# #.#.#
.####...# #...# .#
##### ##..# .###
####
...#################


You could see an orc warrior.

Vanquished Creatures
  A sky beast (D:5)
  Blork the orc (D:5)
  2 crimson imps (D:5)
  A hound (D:5)
  An orc wizard (D:6)
  Ijyb (D:5)
  Jessica (D:3)
  An iguana (D:4)
  A worker ant (D:5)
  3 gnolls (D:3)
  3 adders
  An ooze (D:2)
  An adder skeleton (D:4)
  4 worms
  4 dart slugs
  2 leopard geckos
  3 orcs
  2 giant cockroaches
  7 goblins
  3 hobgoblins
  4 jackals
  7 kobolds
  A quokka (D:4)
  10 bats
  6 frilled lizards
  A quokka skeleton (D:4)
  7 rats
79 creatures vanquished.

Vanquished Creatures (collateral kills)
  An adder (D:2)
  2 goblins
  A hobgoblin (D:2)
  A jackal (D:2)
  2 frilled lizards
  A kobold (D:1)
  A rat (D:1)
9 creatures vanquished.

Grand Total: 88 creatures vanquished

Notes
Turn   | Place    | Note
-------+----------+-------------------------------------------
     0 | D:1      | Roikka the Deep Elf Necromancer began the quest for the
                  | Orb.
     0 | D:1      | Reached XP level 1. HP: 10/10 MP: 6/6
     2 | D:1      | Learned a level 1 spell: Animate Skeleton
   256 | D:1      | Reached skill level 5 in Necromancy
   382 | D:1      | Reached XP level 2. HP: 11/15 MP: 2/8
  1491 | D:2      | Reached XP level 3. HP: 19/19 MP: 10/10
  1983 | D:2      | Learned a level 3 spell: Vampiric Draining
  2077 | D:2      | Reached XP level 4. HP: 22/24 MP: 9/12
  2083 | D:2      | Learned a level 4 spell: Animate Dead
  2449 | D:3      | Noticed Jessica
  2455 | D:3      | Killed Jessica
  2521 | D:3      | Noticed Grinder
  2528 | D:3      | Paralysed by Grinder for 4 turns
  2729 | D:3      | Found a transporter.
  2730 | D:3      | Noticed anet's ghost (amateur HuHu)
  2731 | D:3      | Identified the +4 dire flail of Utufox {freeze, rN+ MR+
                  | Str-4 Int+4}
  2731 | D:3      | Noticed an ogre
  2732 | D:3      | Noticed an ogre
  2733 | D:3      | Found a transporter.
  2761 | D:3      | Reached skill level 1 in Short Blades
  2761 | D:3      | Reached skill level 6 in Necromancy
  2789 | D:3      | Reached XP level 5. HP: 25/28 MP: 10/13
  3113 | D:3      | Paralysed by Grinder for 3 turns
  3306 | D:4      | Found an opulent altar of Gozag.
  3465 | D:4      | Noticed a phantom
  3583 | D:3      | Found an ornate altar of the Wu Jian Council.
  4895 | D:5      | Entered Level 5 of the Dungeon
  4900 | D:5      | Noticed a sky beast
  4958 | D:5      | Noticed Blork the orc
  4964 | D:5      | Killed Blork the orc
  4964 | D:5      | Reached XP level 6. HP: 25/32 MP: 10/15
  5082 | D:5      | Reached skill level 5 in Spellcasting
  5136 | D:5      | Noticed Ijyb
  5253 | D:5      | Killed a sky beast
  5253 | D:5      | Reached skill level 7 in Necromancy
  5275 | D:5      | Killed Ijyb
  5449 | D:5      | Reached skill level 5 in Dodging
  5449 | D:5      | Reached XP level 7. HP: 28/36 MP: 13/17
  5525 | D:5      | Slain by an orc warrior

Levels and vault maps discovered:
D:1:      giann_forest_graveyard, layout_basic
D:2:      layout_loops_corners
D:3:      layout_rooms, lemuel_crystal_altar, gammafunk_ghost_smash,
          moated_statue, uniq_jessica, uniq_grinder
D:4:      layout_basic, first_ration, minivault_27, grunt_gozag_statues
D:5:      minmay_evil_eye, layout_rooms, demons_altar, uniq_ijyb,
          uniq_blork_the_orc
D:6:      layout_basic, good_gods_mini_temple, kennysheep_mini,
          doesnt_xom_only_xom, nicolae_overflow_hidden_temple, minitemple,
          serial_shops, shop, uniq_pikel

Skill      XL: |  1  2  3  4  5  6 |
---------------+-------------------+-----
Necromancy     | 5 6 7 |  7.4
Dodging        | 3 4 5 |  5.1
Spellcasting   | 4 5 |  5.7
Short Blades   | 1 2 |  2.0
Stealth        | |  2.4

Action                   |  1- 3 |  4- 6 |  7- 9 || total
-------------------------+-------+-------+-------++-------
Melee: Unarmed           |     1 |       |       ||     1
       Short sword       |    32 |   109 |     2 ||   143
       Dagger            |     5 |       |       ||     5
Throw: Dart              |       |     3 |       ||     3
 Cast: Pain              |    45 |    46 |     9 ||   100
       Animate Skeleton  |    15 |    13 |       ||    28
       Vampiric Draining |       |     2 |     2 ||     4
       Animate Dead      |       |     2 |       ||     2
  Use: Scroll            |     1 |     6 |       ||     7
 Stab: Sleeping          |     4 |     4 |       ||     8
       Distracted        |       |     1 |       ||     1
  Eat: Chunk             |     3 |     8 |       ||    11
       Ration            |       |     1 |       ||     1
Armor: Robe              |     1 |    26 |       ||    27
       Leather armour    |     9 |     1 |       ||    10
Dodge: Dodged            |    50 |    58 |     7 ||   115
Block: Buckler           |       |    11 |       ||    11

Table legend:
 A = Non-vault XP
 B = Vault XP
 C = Vault XP percentage of total XP
 D = Non-vault monster count
 E = Vault monster count
 F = Vault count percentage of total count
                 A         B        C        D         E       F
            +---------+---------+-------+---------+---------+-------
      Total |     576 |     204 |  26.2 |      84 |       4 |   4.5
            +---------+---------+-------+---------+---------+-------
        D:1 |      30 |       0 |   0.0 |      20 |       0 |   0.0
        D:2 |      90 |       0 |   0.0 |      29 |       0 |   0.0
        D:3 |      72 |      37 |  33.9 |      17 |       1 |   5.6
        D:4 |      54 |       0 |   0.0 |       7 |       0 |   0.0
        D:5 |     287 |     167 |  36.8 |       9 |       3 |  25.0
        D:6 |      43 |       0 |   0.0 |       2 |       0 |   0.0
            +---------+---------+-------+---------+---------+-------
